TOP OF THE 1ST |
Atlanta (MID) Braves batting - Pitching for Fort Wayne TinCaps : LHP Juan Lopez
|
Pitching: LHP Juan Lopez
|
|
Batting: RHB Toki Takeuchi
|
0-0: Swinging Strike 0-1: Foul Ball, location: 2F 0-2: Foul Ball, location: 2F 0-2: Foul Ball, location: 2F 0-2: Strikes out swinging
|
Batting: RHB Badr al Din Ridha
|
0-0: Ball 1-0: Swinging Strike 1-1: Ball 2-1: Ground out 6-3 (Groundball, 6, EV 82.5 MPH)
|
Batting: SHB Richello Badua
|
0-0: DOUBLE (Line Drive, 3D, EV 102.5 MPH)
|
Batting: LHB Oke Monti
|
0-0: Ball 1-0: Called Strike 1-1: Ball 2-1: Fly out, F7 (Flyball, 7S, EV 89.4 MPH)
|
Top of the 1st over - 0 runs, 1 hit, 0 errors, 1 left on base; Atlanta (MID) 0 - Fort Wayne 0 |
BOTTOM OF THE 1ST |
Fort Wayne TinCaps batting - Pitching for Atlanta (MID) Braves : RHP Rashid bin Ala'
|
Pitching: RHP Rashid bin Ala'
|
|
Batting: SHB Detlef Oursler
|
0-0: Called Strike 0-1: Ground out U3 (Groundball, 3, EV 87.5 MPH)
|
Batting: LHB Tony Contreras
|
0-0: Called Strike 0-1: Ball 1-1: Ball 2-1: Ground out 6-3 (Groundball, 6, EV 81.2 MPH)
|
Batting: LHB Chad Cutler
|
0-0: Called Strike 0-1: Ball 1-1: Ball 2-1: Ball 3-1: Foul Ball, location: 2F 3-2: Foul Ball, location: 2F 3-2: Ground out 1-3 (Groundball, 13S, EV 65.6 MPH)
|
Bottom of the 1st over - 0 runs, 0 hits, 0 errors, 0 left on base; Atlanta (MID) 0 - Fort Wayne 0 |
TOP OF THE 2ND |
Atlanta (MID) Braves batting - Pitching for Fort Wayne TinCaps : LHP Juan Lopez
|
Batting: RHB Gerard Michel
|
0-0: Foul Ball, location: 2F 0-1: Ball 1-1: Ball 2-1: Fly out, F4 (Popup, 23, EV 83.1 MPH)
|
Batting: RHB Nick Holsinger
|
0-0: Ball 1-0: Ground out 5-3 (Groundball, 56, EV 101.2 MPH)
|
Batting: RHB Armando Moz
|
0-0: Ground out 3-1 (Groundball, 34, EV 101.9 MPH)
|
Top of the 2nd over - 0 runs, 0 hits, 0 errors, 0 left on base; Atlanta (MID) 0 - Fort Wayne 0 |
BOTTOM OF THE 2ND |
Fort Wayne TinCaps batting - Pitching for Atlanta (MID) Braves : RHP Rashid bin Ala'
|
Batting: LHB Sean Trueblood
|
0-0: Ball 1-0: Called Strike 1-1: Swinging Strike 1-2: SOLO HOME RUN (Line Drive, 9D, EV 102.5 MPH), Distance : 400 ft
|
Batting: LHB Justin Alworth
|
0-0: Called Strike 0-1: Ball 1-1: Swinging Strike 1-2: Foul Ball, location: 2F 1-2: Ball 2-2: Ball 3-2: Fly out, F8 (Flyball, 89D, EV 91.2 MPH)
|
Batting: RHB Brian Klinkner
|
0-0: Foul Ball, location: 2F 0-1: SINGLE (Groundball, 6D, EV 101.9 MPH)
|
Batting: SHB Cesar Arteaga
|
0-0: Foul Ball, location: 2F 0-1: SINGLE (Groundball, 6D, EV 111.2 MPH) Brian Klinkner to second
|
Batting: RHB Danny Gallegos
|
0-0: Swinging Strike 0-1: Ball 1-1: Ball 2-1: Swinging Strike 2-2: Reached on error, E1 (Groundball, 15S, EV 66.9 MPH) Brian Klinkner to third Cesar Arteaga to second
|
Batting: RHB Ricky Trejo
|
0-0: SINGLE (Groundball, 25, EV 63.1 MPH) (infield hit) Brian Klinkner scores Cesar Arteaga to third Danny Gallegos to second
|
Batting: SHB Detlef Oursler
|
0-0: Ball 1-0: Ball 2-0: Swinging Strike 2-1: Foul Ball, location: 2F 2-2: Strikes out swinging
|
Batting: LHB Tony Contreras
|
0-0: Foul Ball, location: 2F 0-1: Foul Ball, location: 2F 0-2: Ball 1-2: Ball 2-2: Fly out, F8 (Flyball, 8LS, EV 82.5 MPH)
|
Bottom of the 2nd over - 2 runs, 4 hits, 1 error, 3 left on base; Atlanta (MID) 0 - Fort Wayne 2 |
TOP OF THE 3RD |
Atlanta (MID) Braves batting - Pitching for Fort Wayne TinCaps : LHP Juan Lopez
|
Batting: LHB Joe Phillips
|
0-0: Ground out 4-3 (Groundball, 4, EV 109.4 MPH)
|
Batting: RHB George Provance
|
0-0: Called Strike 0-1: Called Strike 0-2: Strikes out swinging
|
Batting: RHB Toki Takeuchi
|
0-0: Foul Ball, location: 2F 0-1: Ball 1-1: Foul Ball, location: 2F 1-2: Ball 2-2: Ball 3-2: Foul Ball, location: 2F 3-2: Base on Balls
|
Batting: RHB Badr al Din Ridha
|
0-0: Called Strike Toki Takeuchi steals 2nd base 0-1: Foul Ball, location: 2F 0-2: Ball 1-2: SINGLE (Groundball, 4MD, EV 94.4 MPH) Toki Takeuchi to third Runner from 3rd tries for Home, throw by CF and OUT! 8-2
|
Top of the 3rd over - 0 runs, 1 hit, 0 errors, 1 left on base; Atlanta (MID) 0 - Fort Wayne 2 |
BOTTOM OF THE 3RD |
Fort Wayne TinCaps batting - Pitching for Atlanta (MID) Braves : RHP Rashid bin Ala'
|
Batting: LHB Chad Cutler
|
0-0: Called Strike 0-1: Ground out 4-3 (Groundball, 4, EV 90.6 MPH)
|
Batting: LHB Sean Trueblood
|
0-0: Called Strike 0-1: Fly out, F8 (Flyball, 8RXD, EV 103.1 MPH)
|
Batting: LHB Justin Alworth
|
0-0: Ball 1-0: Swinging Strike 1-1: Fly out, F8 (Flyball, 8RXD, EV 101.9 MPH)
|
Bottom of the 3rd over - 0 runs, 0 hits, 0 errors, 0 left on base; Atlanta (MID) 0 - Fort Wayne 2 |
TOP OF THE 4TH |
Atlanta (MID) Braves batting - Pitching for Fort Wayne TinCaps : LHP Juan Lopez
|
Batting: SHB Richello Badua
|
0-0: Ball 1-0: Called Strike 1-1: Ball 2-1: Ball 3-1: Base on Balls
|
Batting: LHB Oke Monti
|
0-0: Ball 1-0: Called Strike 1-1: Swinging Strike 1-2: Fly out, F9 (Flyball, 9, EV 90.6 MPH)
|
Batting: RHB Gerard Michel
|
0-0: Called Strike 0-1: Ball 1-1: Swinging Strike 1-2: Foul Ball, location: 2F 1-2: Foul Ball, location: 2F 1-2: Strikes out looking
|
Batting: RHB Nick Holsinger
|
0-0: Foul Ball, location: 2F 0-1: Foul Ball, location: 2F 0-2: SINGLE (Groundball, 6MD, EV 102.5 MPH) Richello Badua to second Runner from 2nd tries for 3rd, SAFE, no throw by CF
|
Batting: RHB Armando Moz
|
0-0: Ball 1-0: Foul Ball, location: 2F 1-1: Fly out, F9 (Flyball, 9LSF, EV 86.2 MPH)
|
Top of the 4th over - 0 runs, 1 hit, 0 errors, 2 left on base; Atlanta (MID) 0 - Fort Wayne 2 |
BOTTOM OF THE 4TH |
Fort Wayne TinCaps batting - Pitching for Atlanta (MID) Braves : RHP Rashid bin Ala'
|
Batting: RHB Brian Klinkner
|
0-0: Ball 1-0: Ball 2-0: Called Strike 2-1: Ball 3-1: Swinging Strike 3-2: Strikes out looking
|
Batting: SHB Cesar Arteaga
|
0-0: Called Strike 0-1: Ball 1-1: Fly out, F9 (Line Drive, 89S, EV 93.1 MPH)
|
Batting: RHB Danny Gallegos
|
0-0: Ground out U3 (Groundball, 3S, EV 88.8 MPH)
|
Bottom of the 4th over - 0 runs, 0 hits, 0 errors, 0 left on base; Atlanta (MID) 0 - Fort Wayne 2 |
TOP OF THE 5TH |
Atlanta (MID) Braves batting - Pitching for Fort Wayne TinCaps : LHP Juan Lopez
|
Batting: LHB Joe Phillips
|
0-0: Called Strike 0-1: Swinging Strike 0-2: Ball 1-2: Foul Ball, location: 2F 1-2: Foul Ball, location: 2F 1-2: Ball 2-2: Strikes out swinging
|
Batting: RHB George Provance
|
0-0: Ball 1-0: Ball 2-0: Foul Ball, location: 2F 2-1: Ball 3-1: Called Strike 3-2: Foul Ball, location: 2F 3-2: Base on Balls
|
Batting: RHB Toki Takeuchi
|
0-0: Ball 1-0: Ball 2-0: Grounds into double play, 6-4-3 (Groundball, 6, EV 104.4 MPH)
|
Top of the 5th over - 0 runs, 0 hits, 0 errors, 0 left on base; Atlanta (MID) 0 - Fort Wayne 2 |
BOTTOM OF THE 5TH |
Fort Wayne TinCaps batting - Pitching for Atlanta (MID) Braves : RHP Rashid bin Ala'
|
Batting: RHB Ricky Trejo
|
0-0: Called Strike 0-1: Ball 1-1: Foul Ball, location: 2F 1-2: Foul Ball, location: 2F 1-2: SINGLE (Groundball, 34D, EV 104.4 MPH)
|
Batting: SHB Detlef Oursler
|
0-0: Ball 1-0: Fly out, F9 (Line Drive, 9, EV 91.2 MPH)
|
Batting: LHB Tony Contreras
|
0-0: Ball Ricky Trejo is caught stealing 2nd base 2-6 1-0: Ball 2-0: Fly out, F9 (Flyball, 89XD, EV 102.5 MPH)
|
Bottom of the 5th over - 0 runs, 1 hit, 0 errors, 0 left on base; Atlanta (MID) 0 - Fort Wayne 2 |
TOP OF THE 6TH |
Atlanta (MID) Braves batting - Pitching for Fort Wayne TinCaps : LHP Juan Lopez
|
Batting: RHB Badr al Din Ridha
|
0-0: Foul Ball, location: 2F 0-1: Ball 1-1: Ball 2-1: Foul Ball, location: 2F 2-2: Ball 3-2: Base on Balls
|
Batting: SHB Richello Badua
|
0-0: Ball 1-0: Ball 2-0: Ball 3-0: Called Strike 3-1: Fly out, F9 (Flyball, 9S, EV 81.2 MPH)
|
Pitching: RHP Jaylen Johnson
|
|
Batting: LHB Oke Monti
|
0-0: Ball Badr al Din Ridha steals 2nd base 1-0: Foul Ball, location: 2F 1-1: Ball 2-1: Ball 3-1: TRIPLE (Flyball, 78XD, EV 96.9 MPH) Badr al Din Ridha scores
|
Batting: RHB Gerard Michel
|
0-0: Ball 1-0: Ball 2-0: Called Strike 2-1: Foul Ball, location: 2F 2-2: Ball 3-2: Ground out 6-3 (Groundball, 56S, EV 82.5 MPH)
|
Batting: RHB Nick Holsinger
|
0-0: Foul Ball, location: 2F 0-1: Ball 1-1: Ball 2-1: Fly out, F8 (Flyball, 8RD, EV 100.6 MPH)
|
Top of the 6th over - 1 run, 1 hit, 0 errors, 1 left on base; Atlanta (MID) 1 - Fort Wayne 2 |
BOTTOM OF THE 6TH |
Fort Wayne TinCaps batting - Pitching for Atlanta (MID) Braves : RHP Rashid bin Ala'
|
Batting: LHB Chad Cutler
|
0-0: Ball 1-0: Ball 2-0: Foul Ball, location: 2F 2-1: Foul Ball, location: 2F 2-2: Fly out, F7 (Flyball, 7D, EV 97.5 MPH)
|
Batting: LHB Sean Trueblood
|
0-0: Called Strike 0-1: Called Strike 0-2: Ball 1-2: Ball 2-2: SINGLE (Groundball, 6MD, EV 106.9 MPH)
|
Batting: LHB Justin Alworth
|
0-0: Ball 1-0: Grounds into double play, 6-4-3 (Groundball, 6, EV 86.2 MPH)
|
Bottom of the 6th over - 0 runs, 1 hit, 0 errors, 0 left on base; Atlanta (MID) 1 - Fort Wayne 2 |
TOP OF THE 7TH |
Atlanta (MID) Braves batting - Pitching for Fort Wayne TinCaps : RHP Jaylen Johnson
|
Batting: RHB Armando Moz
|
0-0: Ball 1-0: Called Strike 1-1: Fly out, F5 (Popup, 5F, EV 60.0 MPH)
|
Batting: LHB Joe Phillips
|
0-0: Ball 1-0: Ball 2-0: Ball 3-0: Foul Ball, location: 2F 3-1: Base on Balls
|
Pinch Hitting: LHB Ryan Murdock
|
0-0: Ball 1-0: Fielders Choice at 2nd, 2-4 (Groundball, 2L, EV 66.2 MPH)
|
Batting: RHB Toki Takeuchi
|
0-0: Ball 1-0: Ball 2-0: Swinging Strike 2-1: Foul Ball, location: 2F 2-2: Ground out 6-3 (Groundball, 6S, EV 90.0 MPH)
|
Top of the 7th over - 0 runs, 0 hits, 0 errors, 1 left on base; Atlanta (MID) 1 - Fort Wayne 2 |
BOTTOM OF THE 7TH |
Fort Wayne TinCaps batting - Pitching for Atlanta (MID) Braves : RHP Rashid bin Ala'
|
Now in LF: Ryan Murdock
|
|
Batting: RHB Brian Klinkner
|
0-0: Called Strike 0-1: Ground out 4-3 (Groundball, 4, EV 99.4 MPH)
|
Batting: SHB Cesar Arteaga
|
0-0: Ground out U3 (Groundball, 3, EV 83.1 MPH)
|
Batting: RHB Danny Gallegos
|
0-0: Ball 1-0: Foul Ball, location: 2F 1-1: Foul Ball, location: 2F 1-2: Ball 2-2: Ball 3-2: SINGLE (Line Drive, 89S, EV 96.2 MPH)
|
Batting: RHB Ricky Trejo
|
0-0: Ball 1-0: Swinging Strike 1-1: Called Strike 1-2: Strikes out swinging
|
Bottom of the 7th over - 0 runs, 1 hit, 0 errors, 1 left on base; Atlanta (MID) 1 - Fort Wayne 2 |
TOP OF THE 8TH |
Atlanta (MID) Braves batting - Pitching for Fort Wayne TinCaps : RHP Jaylen Johnson
|
Batting: RHB Badr al Din Ridha
|
0-0: Called Strike 0-1: Ball 1-1: Foul Ball, location: 2F 1-2: Ground out 6-3 (Groundball, 6, EV 86.9 MPH)
|
Batting: SHB Richello Badua
|
0-0: Called Strike 0-1: Foul Ball, location: 2F 0-2: Foul Ball, location: 2F 0-2: Fly out, F5 (Popup, 6S, EV 69.4 MPH)
|
Batting: LHB Oke Monti
|
0-0: Ball 1-0: Foul Ball, location: 2F 1-1: Called Strike 1-2: Ball 2-2: Strikes out swinging
|
Top of the 8th over - 0 runs, 0 hits, 0 errors, 0 left on base; Atlanta (MID) 1 - Fort Wayne 2 |
BOTTOM OF THE 8TH |
Fort Wayne TinCaps batting - Pitching for Atlanta (MID) Braves : RHP Rashid bin Ala'
|
Batting: SHB Detlef Oursler
|
0-0: SINGLE (Line Drive, 89S, EV 111.9 MPH)
|
Batting: LHB Tony Contreras
|
0-0: Called Strike 0-1: Ball 1-1: Called Strike Detlef Oursler steals 2nd base 1-2: Ball 2-2: Ground out 6-3 (Groundball, 6, EV 98.1 MPH)
|
Batting: LHB Chad Cutler
|
0-0: Intentional Walk
|
Batting: LHB Sean Trueblood
|
0-0: Called Strike 0-1: Foul Ball, location: 2F 0-2: Ball 1-2: Foul Ball, location: 2F 1-2: Strikes out swinging
|
Pitching: LHP Steve Young
|
|
Batting: RHB Dave Cordero
|
0-0: Ball 1-0: Swinging Strike 1-1: Ball 2-1: Ball 3-1: SINGLE (Line Drive, 56D, EV 100.6 MPH) Detlef Oursler to third Chad Cutler to second Runner from 3rd tries for Home, SAFE, throw by LF to home
|
Batting: RHB Brian Klinkner
|
0-0: Ball 1-0: Ball 2-0: Fly out, F9 (Flyball, 9D, EV 106.9 MPH)
|
Bottom of the 8th over - 1 run, 2 hits, 0 errors, 2 left on base; Atlanta (MID) 1 - Fort Wayne 3 |
TOP OF THE 9TH |
Atlanta (MID) Braves batting - Pitching for Fort Wayne TinCaps : RHP Jaylen Johnson
|
Pitching: RHP Jose Ramos
|
|
Now at 1B: Marcus Dawson
|
|
Batting: RHB Gerard Michel
|
0-0: Called Strike 0-1: SINGLE (Groundball, 56D, EV 96.9 MPH)
|
Batting: RHB Nick Holsinger
|
0-0: Ball 1-0: Foul Ball, location: 2F 1-1: Swinging Strike 1-2: Strikes out swinging
|
Batting: RHB Armando Moz
|
0-0: Called Strike 0-1: Ball 1-1: Called Strike 1-2: Strikes out swinging
|
Batting: LHB Joe Phillips
|
0-0: Called Strike 0-1: Called Strike 0-2: Ball 1-2: SINGLE (Line Drive, 7S, EV 93.8 MPH) Gerard Michel to second
|
Batting: LHB Ryan Murdock
|
0-0: Ball 1-0: Called Strike 1-1: Foul Ball, location: 2F 1-2: Strikes out swinging
|
Top of the 9th over - 0 runs, 2 hits, 0 errors, 2 left on base; Atlanta (MID) 1 - Fort Wayne 3 |
|